AoeStats
← -GNG-OverHabit

Arabia

510770334Analyzed
1v1 RM · 11h ago on Oct 2, 2026· 21m 13s· 2 players
Game mode
Random Map
Map size
Tiny (2 player)
Population
200
Speed
Normal
Resources
Standard
Victory
Conquest
Starting age
Dark Age
Ending age
Imperial Age
RankedLock teamsTeams togetherTeam positionsShared explorationLock speedFull tech treeHidden civsTurbo modeCheats
Victory
Defeat
🇭🇰 Shu · Hong Kong SAR China
1951
+13
🇹🇷 Inca · Türkiye
1885
-13
Orhan
6:20 Loom
8:55 Feudal Age
9:51 Double-Bit Axe
12:30 Champi Runner
14:05 Arson
19:58 Castle Age
18:18 Fletching
18:54 Padded Archer Armor
20:38 Bodkin Arrow
-GNG-OverHabit
12:32 Feudal Age
12:12 Loom
15:13 Double-Bit Axe
19:02 Castle Age
16:55 Fletching
18:38 Horse Collar
19:42 Bodkin Arrow
19:07 Crossbowman
Connection lost

Rejoining the realm…

Still unreachable

The connection could not be restored.

Session expired

The server has moved on; the page needs a fresh start.